Map: Cerulean Fall LE

Players

Threekingdom - Winner!

  • Race: Protoss Protoss
  • League: Diamond
  • Spawn Location: 7:00

Mesrob

  • Race: Terran Terran
  • League: Gold
  • Spawn Location: 1:00

VOD

Have the link to the VOD?

Description

Time

  • Played on: Jan. 14, 2019, 7:42 p.m.
  • Length: 14:22
Show
View Real Time Build Order
Export as new Build Order

Threekingdom Protoss - Winner!

Build Orders: 1 Gate Expand, Oracle Opening 

Get SALT Encoding   

  12  0:00  Probe  
  13  0:12  Probe  
  14  0:17  Pylon  
  14  0:24  Probe  
  15  0:36  Probe  
  15  0:38  Gateway  
  16  0:44  Assimilator  
  16  0:48  Probe  
  17  0:56  Probe  
  18  1:04  Probe  
  19  1:15  Probe  
  20  1:28  Nexus  
  20  1:30  Probe  
  21  1:40  Cybernetics Core  
  21  1:44  Probe  
  22  1:55  Pylon  
  22  1:57  Probe  
  23  2:13  Assimilator, Probe  
  23  2:14  Stalker  
  24  2:24  Pylon  
  24  2:27  Probe  
  27  2:38  Warp Gate  
  27  2:41  Probe x2  
  29  2:46  Adept, Stargate  
  32  2:58  Probe  
  32  2:59  Probe  
  33  3:10  Adept, Probe  
  34  3:16  Gateway  
  34  3:17  Gateway  
  36  3:21  Probe  
  36  3:24  Probe  
  38  3:31  Oracle  
  38  3:32  Assimilator  
  38  3:33  Probe  
  39  3:35  Assimilator  
  39  3:37  Probe  
  43  3:55  Probe  
  43  3:56  Probe  
  45  4:07  Robotics Facility  
  45  4:11  Pylon  
  43  4:39  Probe x2  
  43  4:51  Probe  
  44  4:58  Immortal  
  48  5:01  Nexus  
  48  5:02  Pylon  
  48  5:03  Stalker x2, Zealot  
  48  5:05  Probe x2  
  56  5:17  Probe  
  56  5:18  Probe  
  58  5:26  Stalker, Zealot  
  62  5:29  Probe  
  63  5:38  Forge  
  63  5:40  Protoss Ground Armor Level 1, Immortal, Protoss Ground Weapons Level 1  
  63  5:43  Probe  
  63  5:44  Forge  
  68  5:50  Pylon  
  68  5:53  Probe  
  68  5:55  Probe  
  70  5:59  Pylon  
  70  6:01  Pylon  
  70  6:12  Pylon  
  70  6:14  Pylon, Probe  
  70  6:15  Probe x2  
  73  6:18  Twilight Council  
  73  6:23  Observer  
  74  6:28  Pylon, Probe x2  
  74  6:32  Charge  
  76  6:37  Observer  
  76  6:44  Gateway  
  76  6:46  Gateway  
  77  6:48  Gateway x2  
  77  6:53  Gateway  
  77  6:54  Probe x3  
  79  7:01  Stalker x3  
  82  7:06  Probe x2  
  88  7:11  Assimilator  
  88  7:15  Assimilator  
  88  7:23  Probe x3  
  88  7:29  Pylon  
  91  7:35  Probe x3  
  91  7:36  Robotics Bay  
  94  7:43  Pylon, Stalker x3  
  94  7:44  Zealot x2  
  102  7:46  Sentry x2  
  102  7:49  Pylon  
  108  7:55  Probe x3  
  108  7:57  Pylon  
  111  8:01  Immortal  
  111  8:03  Pylon  
  109  8:28  Protoss Ground Weapons Level 2  
  109  8:29  Protoss Ground Armor Level 2  
  109  8:31  Zealot x3  
  115  8:46  Observer  
  115  8:50  Zealot x3  
  115  8:51  Zealot x2  
  125  9:04  Nexus  
  125  9:06  Pylon  
  125  9:09  Blink  
  125  9:16  Extended Thermal Lance  
  125  9:20  Colossus  
  125  9:24  Probe x3  
  134  9:33  Zealot x4  
  134  9:35  Zealot x4  
  150  10:00  Dark Shrine  
  150  10:14  Colossus  
  156  10:26  Probe x2  
  156  10:27  Assimilator  
  158  10:29  Assimilator, Pylon  
  158  10:37  Pylon  
  158  10:40  Pylon, Probe x2  
  160  10:47  Protoss Air Weapons Level 1  
  160  10:48  Templar Archives  
  160  10:50  Pylon  
  160  11:00  Pylon  
  160  11:10  Pylon  
  160  11:16  Protoss Ground Weapons Level 3  
  160  11:17  Protoss Ground Armor Level 3  
  160  11:18  Gateway  
  160  11:19  Gateway  
  160  11:20  Gateway  
  160  11:24  Gateway  
  160  11:26  Gateway  
  160  11:29  Gateway  
  160  11:36  Psionic Storm  
  160  11:55  Dark Templar x5  
  160  11:56  Dark Templar x3  
  160  12:52  Dark Templar x3  
  160  12:53  Dark Templar x3  
  160  12:54  Dark Templar x3  
  178  13:09  Zealot  
  178  13:10  Zealot x3  
  178  13:11  Zealot  
  187  13:33  Nexus  
  187  13:36  Pylon  
  118  13:48  Zealot x2  
  118  13:49  Zealot x6  
  118  13:50  Zealot x5  
  118  13:51  Zealot  
  118  14:18  Stalker x2  
  118  14:19  Stalker  
  118  14:20  Zealot  
  118  14:21  Zealot x6  
  118  14:22  Zealot x4  
Show
View Real Time Build Order
Export as new Build Order

Mesrob Terran 

Build Orders: Mech 

Get SALT Encoding   

  12  0:00  SCV  
  13  0:12  SCV  
  14  0:17  Supply Depot  
  14  0:24  SCV  
  15  0:39  Barracks, SCV  
  16  0:49  Refinery  
  16  0:51  SCV  
  17  1:03  SCV  
  18  1:15  SCV  
  19  1:28  Orbital Command  
  19  1:38  Command Center  
  19  1:40  Marine  
  20  2:04  Bunker  
  20  2:06  SCV  
  21  2:13  Factory  
  21  2:18  Supply Depot  
  21  2:31  Barracks Tech Lab  
  21  2:33  SCV  
  22  2:39  Refinery  
  22  2:40  Engineering Bay  
  22  2:45  SCV  
  23  2:53  Supply Depot  
  23  2:57  SCV  
  27  3:05  Orbital Command  
  24  3:09  Siege Tank  
  27  3:13  SCV  
  27  3:16  Supply Depot  
  28  3:25  SCV  
  29  3:31  Marine  
  30  3:36  SCV  
  30  3:40  Refinery  
  31  3:42  Siege Tank  
  34  3:48  SCV  
  34  3:54  Refinery  
  35  4:10  Command Center  
  35  4:12  Armory  
  35  4:14  Siege Tank  
  38  4:56  Siege Tank  
  41  5:01  Missile Turret  
  26  5:24  SCV  
  26  5:28  Orbital Command  
  27  5:33  SCV  
  28  5:36  Siege Tank, SCV  
  32  5:48  SCV  
  33  5:52  Factory  
  33  5:56  SCV  
  34  6:00  SCV  
  34  6:01  SCV  
  36  6:08  SCV  
  37  6:12  SCV  
  37  6:13  SCV  
  39  6:25  Orbital Command, Thor  
  45  6:26  SCV  
  46  6:37  Factory  
  46  6:39  Terran Vehicle Weapons Level 1  
  46  6:43  Armory  
  46  6:54  SCV  
  46  7:01  SCV  
  48  7:07  Missile Turret  
  48  7:10  SCV  
  48  7:13  SCV  
  50  7:23  Factory Reactor  
  50  7:24  Factory Tech Lab  
  50  7:28  Factory  
  50  7:31  Missile Turret  
  50  7:39  Factory  
  50  7:43  Thor  
  56  7:47  SCV  
  57  7:54  Missile Turret  
  57  7:58  SCV x2  
  59  7:59  SCV  
  59  8:02  Refinery  
  60  8:09  Terran Vehicle And Ship Armor Level 1  
  60  8:10  SCV  
  60  8:12  SCV  
  59  8:22  SCV  
  59  8:24  SCV  
  60  8:31  Command Center  
  60  8:34  SCV  
  61  8:45  Supply Depot  
  61  8:46  SCV  
  61  8:56  Factory Reactor  
  61  8:58  Factory Tech Lab  
  61  9:06  Thor  
  61  9:07  Hellbat  
  61  9:08  Supply Depot  
  69  9:20  Sensor Tower  
  69  9:29  Thor  
  69  9:30  Hellbat  
  77  9:31  Supply Depot  
  77  9:33  Supply Depot  
  77  9:40  Terran Vehicle Weapons Level 2  
  77  9:52  Thor  
  77  9:53  Supply Depot  
  77  9:56  Supply Depot  
  83  10:07  SCV x2  
  85  10:16  Supply Depot  
  85  10:19  SCV  
  85  10:20  SCV  
  87  10:22  Planetary Fortress  
  87  10:29  Refinery  
  87  10:31  SCV  
  87  10:32  SCV  
  87  10:34  Missile Turret  
  89  10:39  Terran Vehicle And Ship Armor Level 2  
  89  10:40  Supply Depot  
  89  10:43  Supply Depot  
  89  10:44  SCV x2  
  91  10:50  Thor  
  97  10:58  Thor  
  103  11:08  SCV x2  
  103  11:09  SCV  
  106  11:14  Thor  
  112  11:19  Hellbat  
  112  11:20  Hellbat, SCV x2  
  112  11:21  Hellbat  
  112  11:24  Hellbat  
  121  11:41  Command Center  
  121  12:04  Thor x2  
  133  12:12  Supply Depot  
  133  12:13  SCV  
  133  12:14  SCV x2  
  136  12:26  SCV x3  
  136  12:28  Missile Turret  
  110  12:56  Sensor Tower  
  110  12:57  Missile Turret  
  110  13:05  SCV  
  111  13:06  SCV x2  
  113  13:17  SCV  
  113  13:18  Planetary Fortress, SCV x2  
  113  13:19  Missile Turret  
  116  13:29  SCV  
  116  13:30  Supply Depot, SCV x2  
  116  13:33  Supply Depot  
  104  13:41  SCV  
  104  13:42  SCV x2  
Tags
 
Add a new tag
Caveats
  • Supply blocks, unpowered buildings, or Contaminate may cause inaccurate times.
  • Supply counts are checked every 10 seconds.